AoeStats
← arielhz45

Black Forest

510190103Analyzed
2v2 RM · 3d ago on Sep 29, 2026· 52m 10s· 4 players
Game mode
Random Map
Map size
Medium (4 player)
Population
200
Speed
Normal
Resources
Standard
Victory
Conquest
Starting age
Dark Age
Ending age
Imperial Age
RankedLock teamsTeams togetherTeam positionsShared explorationLock speedFull tech treeHidden civsTurbo modeCheats
Victory
Defeat
🇹🇷 Burgundians · Türkiye
769
+13
🇬🇧 Khmer · United Kingdom
677
+17
🇵🇦 Khitans · Panama
742
-17
🇺🇸 Aztecs · United States
661
-13
duke of downend
0:28 Loom
15:49 Feudal Age
17:01 Double-Bit Axe
17:04 Horse Collar
22:38 Castle Age
21:08 Stone Mining
21:09 Gold Mining
23:13 Wheelbarrow
23:00 Fletching
23:20 Forging
25:10 Bow Saw
25:12 Heavy Plow
26:59 Man-at-Arms
27:00 Pikeman
27:26 Arson
30:25 Bodkin Arrow
31:03 Caravan
32:44 Iron Casting
33:01 Long Swordsman
38:04 Murder Holes
41:51 Scale Mail Armor
44:56 Imperial Age
43:06 Chain Mail Armor
44:58 Heavy Scorpion
46:15 Double Crossbow
46:21 Bracer
47:25 Chemistry
48:21 Blast Furnace
47:30 Siege Engineers
48:07 Ballistics
48:18 Two-Handed Swordsman
TIMUR
0:27 Loom
12:44 Feudal Age
12:37 Double-Bit Axe
13:46 Horse Collar
14:19 Bow Saw
20:42 Castle Age
18:52 Gold Mining
18:55 Stone Mining
24:25 Heavy Plow
28:05 Wheelbarrow
27:15 Town Watch
31:43 Imperial Age
29:34 Caravan
29:44 Scale Barding Armor
31:11 Forging
30:52 Fletching
31:05 Scale Mail Armor
31:21 Husbandry
30:42 Cavalier
31:33 Squires
30:57 Light Cavalry
32:34 Hand Cart
32:51 Conscription
34:23 Crop Rotation
35:07 Two-Man Saw
34:29 Burgundian Vineyards
35:02 Fortified Wall
35:44 Masonry
35:49 Paladin
36:57 Chain Barding Armor
37:29 Ballistics
38:22 Chemistry
38:40 Iron Casting
39:41 Plate Barding Armor
40:15 Man-at-Arms
40:42 Arson
41:16 Chain Mail Armor
42:01 Blast Furnace
41:30 Long Swordsman
43:29 Plate Mail Armor
43:35 Two-Handed Swordsman
49:44 Hussar
arielhz45
0:43 Loom
15:49 Feudal Age
16:28 Double-Bit Axe
17:14 Horse Collar
25:03 Castle Age
25:32 Forging
25:23 Scale Mail Armor
25:14 Fletching
25:25 Padded Archer Armor
26:23 Bow Saw
38:03 Imperial Age
38:04 Iron Casting
37:44 Chain Mail Armor
39:13 Conscription
40:34 Garland Wars
41:12 Elite Jaguar Warrior
43:10 Plate Mail Armor
Elcaifascefas
0:48 Loom
12:03 Feudal Age
13:12 Double-Bit Axe
13:44 Domestication
20:54 Castle Age
19:52 Scale Mail Armor
20:03 Forging
21:40 Gold Mining
23:18 Chain Mail Armor
23:38 Iron Casting
35:41 Imperial Age
37:42 Plate Mail Armor
36:42 Elite Fire Lancer
39:36 Elite Liao Dao
40:22 Lamellar Armor
44:48 Fletching
Connection lost

Rejoining the realm…

Still unreachable

The connection could not be restored.

Session expired

The server has moved on; the page needs a fresh start.